 Dungeon Crawl Stone Soup version 0.17.0-24-gcfadda4 (webtiles) character file.

581 Botennoom the Vexing (level 7, 0/46 HPs)
             Began as a Demonspawn Enchanter on Nov 16, 2015.
             Was an Initiate of Ru.
             Succumbed to poison (a potion of poison)
             ... on level 5 of the Dungeon.
             The game lasted 00:13:16 (4889 turns).

Botennoom the Vexing (Demonspawn Enchanter)         Turns: 4889, Time: 00:13:16

Health: 0/46       AC:  6    Str:  8    XL:     7   Next: 14%
Magic:  2/10       EV: 15    Int: 18    God:    Ru [......]
Gold:   129        SH:  0    Dex: 14    Spells: 3 memorised, 2 levels left

rFire  . . .     SeeInvis .     a - +1 dagger
rCold  . . .     Clarity  .     b - +1 robe
rNeg   . . .     SustAt   .     (no shield)
rPois  .         Gourm    .     (helmet restricted)
rElec  .         Spirit   .     l - +1 cloak
rCorr  .         Warding  .     (no gloves)
rMut   .         Stasis   .     u - +0 pair of boots
MR     .....                    (no amulet)
Stlth  ++++......               (no ring)
                                (no ring)

@: lethally poisoned (0 -> -8), not resistant to hostile enchantments, stealthy
A: antennae 2, hooves 1, repulsion field 2, demonic guardian 1, nightstalker 1,
spit poison 1
a: Spit Poison, Renounce Religion


You were on level 5 of the Dungeon.
You worshipped Ru.
Ru was noncommittal.
You were not hungry.

You visited 2 branches of the dungeon, and saw 6 of its levels.

You collected 129 gold pieces.

Inventory:

Hand Weapons
 a - a +1 dagger (weapon)
Armour
 b - a +1 robe (worn)
 l - a +1 cloak (worn)
 u - a +0 pair of boots (worn)
Scrolls
 e - a scroll of amnesia
 j - a scroll of immolation
 p - a scroll of remove curse
 s - a scroll of identify
Books
 c - a book of Maledictions

   Spells                             Type                      Level
   a - Corona                         Hexes                        1
   b - Ensorcelled Hibernation        Hexes/Ice                    2
   c - Confuse                        Hexes                        3
   d - Tukima's Dance                 Hexes                        3
   e - Dazzling Spray                 Conjuration/Hexes            3
Comestibles
 d - 3 bread rations
 n - 2 meat rations
 r - a slice of pizza


   Skills:
 + Level 4.0 Short Blades
 - Level 1.7 Dodging
 + Level 5.0 Stealth
 - Level 2.0 Spellcasting
 + Level 5.4 Hexes


You had 2 spell levels left.
You knew the following spells:

 Your Spells              Type           Power        Failure   Level  Hunger
b - Ensorcelled Hibernat  Hex/Ice        ##....       12%         2    ###....
c - Confuse               Hex            ###.....     10%         3    ###....
d - Dazzling Spray        Conj/Hex       ##......     21%         3    ###....


Dungeon Overview and Level Annotations

Branches:
Dungeon (5/15)             Temple (1/1) D:4

Altars:
Ashenzari
Cheibriados
Dithmenos
Elyvilon
Gozag
Makhleb
Nemelex Xobeh
Okawaru
Qazlal
Ru
Sif Muna
Trog
Vehumet
Xom
Yredelemnul
Zin
The Shining One

Annotations:
D:4 Purgy


Innate Abilities, Weirdness & Mutations

You have a pair of antennae on your head.
You are surrounded by a moderate repulsion field (EV +3).
A weak demonic guardian rushes to your aid.
You are slightly more attuned to the shadows.
You have large cloven feet.
You can spit weak poison.


Message History

You feel strangely unstable.
It was a scroll of teleportation.
* * * LOW HITPOINT WARNING * * *
You feel sick.
* * * LOW HITPOINT WARNING * * *
You feel sick.
You have got your breath back.
* * * LOW HITPOINT WARNING * * *
You feel sick.
* * * LOW HITPOINT WARNING * * *
You feel sick.
Your surroundings suddenly seem different.
* * * LOW HITPOINT WARNING * * *
You feel sick.
A giant cockroach comes into view.
* * * LOW HITPOINT WARNING * * *
You feel sick.
A quokka skeleton comes into view.
* * * LOW HITPOINT WARNING * * *
You feel sick.
You die...

#....
#....
#.s..####
#.......
#.....#
#.....#
#.....#
#.....####
####..@..#
##.####
#.. #..
.... ..Z.
...


You could see a giant cockroach (sleeping).

Vanquished Creatures
  A giant frog (D:3)
  2 hounds (D:4)
  An orc priest (D:4)
  4 orc wizards (D:4)
  2 worker ants
  A gnoll (D:1)
  6 adders
  An adder skeleton (D:4)
  2 worms
  2 giant geckos (D:1)
  11 orcs
  6 bats
  3 giant cockroaches
  7 goblins
  14 hobgoblins
  4 jackals (D:3)
  A ball python (D:2)
  7 giant newts
  6 kobolds
  A quokka (D:2)
  8 rats
90 creatures vanquished.

Vanquished Creatures (collateral kills)
  Edmund (D:4)
  A centaur skeleton (D:4)
  An orc (D:4)
  A quokka skeleton (D:4)
4 creatures vanquished.

Grand Total: 94 creatures vanquished

Notes
Turn   | Place    | Note
--------------------------------------------------------------
     0 | D:1      | Botennoom the Demonspawn Enchanter began the quest for the Orb.
     0 | D:1      | Reached XP level 1. HP: 13/13 MP: 3/3
    33 | D:1      | Reached skill level 1 in Short Blades
   256 | D:1      | Gained mutation: A weak demonic guardian rushes to your aid. [demonic ancestry]
   256 | D:1      | Reached XP level 2. HP: 8/19 MP: 3/5
   530 | D:1      | Learned a level 2 spell: Ensorcelled Hibernation
  1022 | D:1      | Reached XP level 3. HP: 6/24 MP: 3/6
  1803 | D:2      | Gained mutation: You have a pair of small antennae on your head. [demonic ancestry]
  1803 | D:2      | Reached XP level 4. HP: 30/30 MP: 2/7
  1982 | D:2      | Found a radiant altar of Vehumet.
  1992 | D:2      | Found a burning altar of Makhleb.
  2012 | D:2      | Noticed an earth elemental
  2013 | D:2      | Found a stormy altar of Qazlal.
  2018 | D:2      | Noticed an air elemental
  2255 | D:2      | Noticed a water elemental
  2255 | D:2      | Noticed a fire elemental
  2599 | D:3      | Reached skill level 4 in Hexes
  2976 | D:3      | Noticed a giant frog
  2985 | D:3      | Killed a giant frog
  2985 | D:3      | Gained mutation: You are slightly more attuned to the shadows. [demonic ancestry]
  2985 | D:3      | Reached XP level 5. HP: 26/35 MP: 5/8
  3163 | D:4      | Noticed Edmund
  3164 | D:4      | Found a staircase to the Ecumenical Temple.
  3191 | D:4      | Killed Edmund
  3191 | D:4      | Gained mutation: You are surrounded by a mild repulsion field (EV +2). [demonic ancestry]
  3191 | D:4      | Reached XP level 6. HP: 9/41 MP: 0/9
  3449 | Temple   | Entered the Ecumenical Temple
  3554 | Temple   | Became a worshipper of Ru the Awakened
  3685 | D:4      | Learned a level 3 spell: Confuse
  3742 | D:4      | Reached skill level 5 in Hexes
  3766 | D:4      | Learned a level 3 spell: Dazzling Spray
  3934 | D:4      | Noticed Purgy
  3957 | D:4      | Found an iron altar of Okawaru.
  4182 | D:4      | Found a shadowy altar of Dithmenos.
  4182 | D:4      | Found a snail-covered altar of Cheibriados.
  4349 | D:4      | Gained mutation: You have a pair of antennae on your head. [demonic ancestry]
  4349 | D:4      | Reached XP level 7. HP: 22/46 MP: 5/10
  4786 | D:5      | Entered Level 5 of the Dungeon
  4877 | D:5      | Gained mutation: You can spit weak poison. [potion of mutation]
  4877 | D:5      | Gained mutation: You are surrounded by a moderate repulsion field (EV +3). [potion of mutation]
  4877 | D:5      | Gained mutation: You have large cloven feet. [potion of mutation]
  4878 | D:5      | Reached skill level 5 in Stealth
  4886 | D:5      | HP: 2/46 [poison (a potion of poison)]
  4889 | D:5      | Succumbed to poison (a potion of poison)

Action                   |  1- 3 |  4- 6 |  7- 9 || total
-------------------------+-------+-------+-------++-------
Melee: Dagger            |   135 |   268 |    47 ||   450
 Cast: Corona            |    14 |       |       ||    14
       Ensorcelled Hiber |     3 |    15 |     4 ||    22
       Confuse           |       |     3 |     3 ||     6
 Abil: Spit Poison       |       |       |     1 ||     1
  Use: Scroll            |       |     3 |     4 ||     7
       Potion            |       |     2 |     3 ||     5
 Stab: Sleeping          |    12 |    17 |     1 ||    30
       Distracted        |       |     1 |       ||     1
       Confused          |       |     2 |     2 ||     4
  Eat: Chunk             |     3 |     9 |       ||    12
       Bread ration      |       |       |     1 ||     1
